 Dungeon Crawl Stone Soup version 0.18.1-6-gd335043 (webtiles) character file.

77 M4edhros the Chopper (level 4, -6/39 HPs)
             Began as a Minotaur Berserker on May 20, 2016.
             Was a Follower of Trog.
             Killed by divine providence
             ... invoked by an orc priest
              (17 damage)
             ... on level 6 of the Dungeon.
             The game lasted 00:01:42 (447 turns).

M4edhros the Chopper (Minotaur Berserker)            Turns: 447, Time: 00:01:43

Health: -6/39      AC:  5    Str: 21    XL:     4   Next: 14%
Magic:  3/3        EV: 11    Int:  4    God:    Trog [*.....]
Gold:   129        SH:  0    Dex: 11    Spells: 0 memorised, 3 levels left

rFire  . . .     SeeInvis +     a - +0 hand axe
rCold  . . .     Gourm    .     e - +0 ring mail
rNeg   . . .     Faith    .     (no shield)
rPois  .         Spirit   .     (helmet restricted)
rElec  .         Dismiss  .     (no cloak)
rCorr  .         Reflect  .     (no gloves)
SustAt .         Harm     .     (no boots)
MR     .....                    f - amulet of rage
Stlth  +.........               (no ring)
                                g - ring of see invisible

@: exhausted, not resistant to hostile enchantments, very unstealthy
A: retaliatory headbutt, horns 2
a: Berserk, Burn Spellbooks, Renounce Religion, Evoke Berserk Rage


You were on level 6 of the Dungeon.
You worshipped Trog.
Trog was aware of your devotion.
You were not hungry.

You visited 1 branch of the dungeon, and saw 5 of its levels.

You collected 129 gold pieces.

Inventory:

Hand Weapons
 a - a +0 hand axe (weapon)
Armour
 e - a +0 ring mail (worn)
Jewellery
 f - an amulet of rage (around neck)
 g - a ring of see invisible (left hand)
Wands
 m - a wand of confusion (23/48)
Scrolls
 d - a scroll of enchant weapon {unknown}
 i - 4 scrolls of identify {unknown}
 o - a scroll of magic mapping {unknown}
 p - a scroll of amnesia {unknown}
Potions
 b - a potion of degeneration {unknown}
 h - 3 potions of invisibility {unknown}
Comestibles
 c - a bread ration
 j - 5 chunks of flesh
 k - 3 fruits
 l - a beef jerky
 n - a meat ration


   Skills:
 - Level 3.6 Fighting
 + Level 6.1 Axes
 - Level 2.4 Armour
 - Level 2.1 Dodging


You had 3 spell levels left.
You didn't know any spells.

Dungeon Overview and Level Annotations

Branches:
Dungeon (6/15)
 Temple: D:4-7

Altars:
Cheibriados
Pakellas


Innate Abilities, Weirdness & Mutations

You reflexively headbutt those who attack you in melee.
You have a pair of horns on your head.


Message History

The orc priest shouts! 2 orcs and an orc priest come into view.
The orc priest shouts!
The orc shouts! x2
The giant frog hits you but does no damage.
The giant frog hits you.
The orc priest mumbles some strange prayers to Beogh against you.
Pain shoots through your body!
The orc priest mumbles some strange prayers to Beogh against you.
Beogh smites you!
* * * LOW HITPOINT WARNING * * *
Found 19 stones.
Unknown command.
Drink which item? (? for menu, Esc to quit)
Okay, then.
You feel yourself speed up. The giant frog hits you.
* * * LOW HITPOINT WARNING * * *
The orc priest invokes the aid of Beogh against you.
Beogh smites you!
You die...

....... (......
....o.. .......
....o.. ......o
.....oo##
........#######
.######F@.....#
####....####
#########.......#
............#####
#..........#
######.....# #.
##†.#...#
#.####..##.).#
#.#_##.#######


You could see a giant frog, 3 orc priests and 2 orcs.

Vanquished Creatures
  2 hounds
  2 dart slugs
  3 bats (D:1)
  2 hobgoblins (D:1)
  4 jackals
  A giant newt (D:1)
  2 rats
16 creatures vanquished.

Notes
Turn   | Place    | Note
--------------------------------------------------------------
     0 | D:1      | M4edhros the Minotaur Berserker began the quest for the Orb.
     0 | D:1      | Reached XP level 1. HP: 19/19 MP: 0/0
    66 | D:1      | Reached skill level 4 in Axes
   116 | D:1      | Reached XP level 2. HP: 19/26 MP: 1/1
   235 | D:3      | Found an oddly glowing altar of Pakellas.
   243 | D:3      | You fall through a shaft for 2 floors!
   243 | D:5      | Entered Level 5 of the Dungeon
   255 | D:5      | Reached skill level 5 in Axes
   255 | D:5      | Reached XP level 3. HP: 18/31 MP: 2/2
   408 | D:6      | Reached skill level 6 in Axes
   408 | D:6      | Reached XP level 4. HP: 39/39 MP: 3/3
   416 | D:6      | Found a snail-covered altar of Cheibriados.
   444 | D:6      | Noticed a giant frog
   447 | D:6      | Killed from afar by an orc priest

Skill      XL: |  1  2  3 |
---------------+----------+-----
Axes           | 4 5 6 |  6.1
Fighting       | |  3.6
Armour         | |  2.4
Dodging        | |  2.1

Action                   |  1- 3 |  4- 6 || total
-------------------------+-------+-------++-------
Melee: Hand axe          |    22 |     1 ||    23
       Headbutt          |     6 |     1 ||     7
Invok: Berserk           |     2 |       ||     2
  Eat: Chunk             |       |     1 ||     1
Armor: Ring mail         |    13 |     2 ||    15
       Animal skin       |     4 |       ||     4
Dodge: Dodged            |    26 |       ||    26
